 Dungeon Crawl Stone Soup version 0.26-a0-663-g36e8fdb655 (webtiles) character file.

Game seed: 10912804339356966697

220 somkeydreadnuts the Ruffian (level 5, -5/44 HPs)
             Began as a Deep Dwarf Transmuter on Oct 13, 2020.
             Slain by Edmund
             ... wielding a +2 dire flail of venom
              (10 damage)
             ... on level 4 of the Dungeon.
             The game lasted 00:17:32 (2259 turns).

somkeydreadnuts the Ruffian (Deep Dwarf Transmuter) Turns: 2259, Time: 00:17:32

Health: -5/44      AC: 10    Str: 15    XL:     5   Next: 64%
Magic:  7/7        EV: 12    Int: 13    God:
Gold:   188        SH:  5    Dex: 13    Spells: 5/8 levels left

rFire    + . .     SeeInvis .   l - +0 war axe (flame)
rCold    . . .     Faith    .   (no shield)
rNeg     . . .     Spirit   .   h - +0 ring mail
rPois    .         Reflect  +   (no helmet)
rElec    .         Harm     .   b - +0 cloak
rCorr    .         Rampage  .   r - +2 pair of gloves
MR       .....                  e - +0 pair of boots
Stlth    +.........             k - amulet of reflection
HPRegen  0.00/turn              m - ring of protection from fire
MPRegen  0.10/turn              (no ring)

@: lethally poisoned (-5 -> -14), non-regenerating
A: damage resistance, heal wounds, sense surroundings 1, no regeneration
a: Heal Wounds


You were on level 4 of the Dungeon.
You visited 1 branch of the dungeon, and saw 4 of its levels.

You collected 188 gold pieces.

Inventory:

Hand Weapons
 j - a +0 mace
 l - a +0 war axe of flaming (weapon)
 o - a +5 vorpal mace
Armour
 a - a +0 robe
 b - a +0 cloak (worn)
 e - a +0 pair of boots (worn)
 h - a +0 ring mail (worn)
 r - a +2 pair of gloves (worn)
Jewellery
 k - an amulet of reflection (around neck)
 m - a ring of protection from fire (left hand)
Scrolls
 f - 2 scrolls of enchant weapon {unknown}
 g - 3 scrolls of remove curse {unknown}
 i - 5 scrolls of identify {unknown}
 n - a scroll of amnesia {unknown}
 s - a scroll of teleportation {unknown}
Potions
 c - 2 potions of mutation {unknown}
 d - 2 potions of lignification {unknown}
 p - a potion of heal wounds {unknown}
 q - a potion of haste {unknown}


   Skills:
 + Level 1.6 Fighting
 + Level 0.5(1.9) Axes
 + Level 2.6 Maces & Flails
 + Level 2.3 Armour
 + Level 3.2 Dodging
 + Level 0.5 Stealth
 + Level 3.3 Unarmed Combat
 + Level 2.1 Spellcasting
 + Level 2.0 Transmutations


You had 5 spell levels left.
You knew the following spells:

 Your Spells              Type           Power        Failure   Level
a - Beastly Appendage     Tmut           #.....       21%         1
b - Wereblood             Tmut           #.......     30%         2

Your spell library contained the following spells:

 Spells                   Type           Power        Failure   Level
 Magic Dart               Conj           #...         43%         1
 Blink                    Tloc           N/A          58%         2
 Call Imp                 Summ           #.......     58%         2
 Slow                     Hex            #.......     58%         2
 Spider Form              Tmut/Pois      #.........   67%         3
 Conjure Flame            Conj/Fire      #.......     82%         3
 Mephitic Cloud           Conj/Pois/Air  #.......     82%         3
 Ice Form                 Ice/Tmut       #.......     97%         4
 Blade Hands              Tmut           #.........   99%         5


Dungeon Overview and Level Annotations

Branches:
Dungeon (4/15)
 Temple: D:4-7

Altars:
Gozag
Nemelex Xobeh

Annotations:
D:4 Edmund


Innate Abilities, Weirdness & Mutations

You are resistant to damage.
You can heal yourself by infusing magical energy.
You passively map a small area around you.
You do not regenerate.


Message History

Edmund is severely wounded.
You feel very sick. Edmund barely misses you.
Edmund hits you but does no damage.
You are lethally poisoned!
You hit Edmund but do no damage.
Edmund is severely wounded.
* * * LOW HITPOINT WARNING * * *
You feel very sick. Edmund barely misses you.
You hit Edmund. You burn Edmund.
Edmund is almost dead.
Your primal bloodlust has ended.
* * * LOW HITPOINT WARNING * * *
You feel very sick. You block Edmund's attack.
You fail to use your ability.
* * * LOW HITPOINT WARNING * * *
You feel very sick.
Edmund hits you with a +2 dire flail of venom!
You die...

#####............>...
*#>................
,*#.......###.......
, #......## ########
, * #......# # #
,*#.###### * * ,#..
#.######## ,
#....##......... ,
<.$....@@######## , *
#.##.#### * *# * , ,,
, * ,, , * , , , , ,
,, , * , , ** * , , ,
* * , , , , ,


You could see Edmund.

Vanquished Creatures
  A scorpion (D:3)
  A worker ant (D:4)
  Robin (D:3)
  5 adders
  An ufetubus (D:3)
  An ooze (D:2)
  A worm (D:3)
  A dart slug (D:3)
  3 leopard geckos
  10 orcs
  A ball python (D:2)
  3 giant cockroaches
  5 hobgoblins
  4 jackals (D:3)
  3 bats
  5 frilled lizards
  9 goblins
  7 kobolds
  6 rats
68 creatures vanquished.

Notes
Turn   | Place    | Note
-------+----------+-------------------------------------------
     0 | D:1      | somkeydreadnuts the Deep Dwarf Transmuter began the quest
                  | for the Orb.
     0 | D:1      | Reached XP level 1. HP: 16/16 MP: 3/3
   313 | D:1      | Reached skill level 1 in Fighting
   447 | D:1      | Reached XP level 2. HP: 20/25 MP: 4/4
   860 | D:2      | Learned a level 2 spell: Wereblood
   963 | D:2      | Found an opulent altar of Gozag.
   964 | D:2      | Found a sparkling altar of Nemelex Xobeh.
  1079 | D:2      | Reached XP level 3. HP: 17/31 MP: 6/6
  1153 | D:2      | Reached skill level 1 in Maces & Flails
  1311 | D:3      | Noticed a scorpion
  1324 | D:3      | Killed a scorpion
  1324 | D:3      | Reached skill level 1 in Armour
  1324 | D:3      | Reached XP level 4. HP: 10/38 MP: 7/7
  1482 | D:3      | Noticed Robin
  1504 | D:3      | Killed Robin
  1504 | D:3      | Reached XP level 5. HP: 16/44 MP: 5/8
  2238 | D:4      | Noticed Edmund
  2259 | D:4      | Slain by Edmund

Illustrated notes

Levels and vault maps discovered:
D:1:      lightli_molten_gateway, layout_basic
D:2:      layout_rooms, grunt_temple_overflow_opulence
D:3:      layout_basic, uniq_robin
D:4:      layout_basic, minmay_temple_entry_mini_moons, uniq_edmund

Skill      XL: |  1  2  3  4  5 |
---------------+----------------+-----
Unarmed Combat | 3 |  3.3
Fighting       | 1 |  1.6
Spellcasting   | 2 |  2.1
Transmutations | 2 |  2.0
Maces & Flails | 1 2 |  2.6
Armour         | 1 2 |  2.3
Dodging        | 3 |  3.2
Axes           | |  0.5
Stealth        | |  0.5

Action                   |  1- 3 |  4- 6 || total
-------------------------+-------+-------++-------
Melee: Club              |    20 |       ||    20
       Unarmed           |    17 |       ||    17
       Mace              |    83 |    90 ||   173
       War axe           |       |    77 ||    77
       Punch             |       |     1 ||     1
 Cast: Wereblood         |       |     2 ||     2
 Abil: Heal Wounds       |       |     3 ||     3
  Use: Potion            |       |     2 ||     2
Armor: Ring mail         |    42 |    78 ||   120
       Robe              |     4 |       ||     4
Dodge: Dodged            |    90 |   107 ||   197
Block: Other             |     9 |    50 ||    59

Table legend: (Time is in decaauts)
 A = Elapsed time spent in this place.
 B = Non-inter-level travel time spent in this place.
 C = Inter-level travel time spent in this place.
 D = Time resting spent in this place.
 E = Time spent auto-exploring this place.
 F = Levels seen in this place.
 G = Mean time per level.
                   A        B        C        D        E       F      G
               +--------+--------+--------+--------+--------+-----+--------+
         Total |   2349 |   2092 |    257 |      0 |   1354 |   4 |  587.2 |
       Dungeon |   2349 |   2092 |    257 |      0 |   1354 |   4 |  587.2 |
               +--------+--------+--------+--------+--------+-----+--------+

Top non-repeatable levels by time:
     D:3: 862 daAuts
     D:1: 752 daAuts
     D:2: 519 daAuts
     D:4: 214 daAuts
